 Dungeon Crawl Stone Soup version 0.18.1-48-g4cf74bf (webtiles) character file.

80 cutebanana the Cudgeler (level 4, -3/41 HPs)
             Began as a Minotaur Berserker on July 13, 2016.
             Was a Believer of Trog.
             Slain by a gnoll
             ... wielding a +0 spear
              (7 damage)
             ... on level 2 of the Dungeon.
             The game lasted 00:05:38 (1656 turns).

cutebanana the Cudgeler (Minotaur Berserker)        Turns: 1656, Time: 00:05:39

Health: -3/41      AC:  2    Str: 22    XL:     4   Next: 18%
Magic:  3/3        EV: 12    Int:  4    God:    Trog [**....]
Gold:   81         SH:  0    Dex: 10    Spells: 0 memorised, 3 levels left

rFire  . . .     SeeInvis .     a - +0 mace
rCold  . . .     Gourm    .     b - +0 animal skin
rNeg   . . .     Faith    .     (no shield)
rPois  .         Spirit   .     (helmet restricted)
rElec  .         Dismiss  .     (no cloak)
rCorr  .         Reflect  .     (no gloves)
SustAt .         Harm     .     (no boots)
MR     .....                    (no amulet)
Stlth  +.........               (no ring)
                                (no ring)

@: not resistant to hostile enchantments, very unstealthy
A: retaliatory headbutt, horns 2
a: Berserk, Trog's Hand, Burn Spellbooks, Renounce Religion


You were on level 2 of the Dungeon.
You worshipped Trog.
Trog was pleased with you.
You were not hungry.

You visited 1 branch of the dungeon, and saw 2 of its levels.

You collected 81 gold pieces.

Inventory:

Hand Weapons
 a - a +0 mace (weapon)
Armour
 b - a +0 animal skin (worn)
Scrolls
 d - 2 scrolls of amnesia {unknown}
 e - 2 scrolls of fog {unknown}
 f - a scroll of recharging {unknown}
 h - a scroll of identify {unknown}
 i - a scroll of immolation {unknown}
Potions
 j - a potion of curing {unknown}
 k - a potion of magic {unknown}
Comestibles
 c - 3 bread rations
 g - 3 fruits
 l - a chunk of flesh


   Skills:
 + Level 4.6 Fighting
 * Level 5.4 Maces & Flails
 - Level 2.4 Armour
 - Level 2.1 Dodging


You had 3 spell levels left.
You didn't know any spells.

Dungeon Overview and Level Annotations

Branches:
Dungeon (2/15)

Altars:


Innate Abilities, Weirdness & Mutations

You reflexively headbutt those who attack you in melee.
You have a pair of horns on your head.


Message History

You kill the adder!
Trog accepts your kill.
You feel sick.
You start resting.
You feel sick. x6
You are no longer poisoned.
You start resting.
A gnoll comes into view. It is wielding a spear.
The gnoll shouts!
The gnoll hits you but does no damage. The gnoll hits you with a spear!
* * * LOW HITPOINT WARNING * * *
You hit the gnoll. You headbutt the gnoll.
The gnoll is heavily wounded.
The gnoll hits you with a spear.
* * * LOW HITPOINT WARNING * * *
You closely miss the gnoll.
The gnoll is heavily wounded.
The gnoll hits you with a spear!
You die...

### #......... #....#..##
##......... .....#...#
###.....).... #....#...#
#...#.......^ #
#........###.######..###
#.##.........(..# ##..#
#..#..........### #...##
#.....#.......######.#..#
###..#...@g.......>...#.##
##................##...#.#.
...................##...#>..
...........................#
.######....##...............
#.<..#..##...............
#.####................### ..
##..#........<...... #.
##.#...#...........


You could see a gnoll.

Vanquished Creatures
  An adder (D:2)
  A gnoll (D:2)
  2 worms (D:2)
  3 dart slugs (D:1)
  2 ball pythons (D:1)
  2 bats (D:1)
  3 giant cockroaches (D:1)
  8 goblins
  4 hobgoblins (D:1)
  7 jackals (D:1)
  3 kobolds (D:1)
  2 quokkas (D:2)
  2 giant newts (D:1)
  3 rats (D:1)
43 creatures vanquished.

Notes
Turn   | Place    | Note
--------------------------------------------------------------
     0 | D:1      | cutebanana the Minotaur Berserker began the quest for the Orb.
     0 | D:1      | Reached XP level 1. HP: 19/19 MP: 0/0
   409 | D:1      | Reached skill level 4 in Maces & Flails
   412 | D:1      | Reached XP level 2. HP: 26/27 MP: 1/1
   833 | D:1      | Reached XP level 3. HP: 30/33 MP: 2/2
   846 | D:1      | Reached ** piety under Trog
  1077 | D:1      | Reached skill level 5 in Maces & Flails
  1508 | D:2      | Reached XP level 4. HP: 17/41 MP: 3/3
  1656 | D:2      | Slain by a gnoll

Skill      XL: |  1  2  3 |
---------------+----------+-----
Maces & Flails | 4 5 |  5.4
Fighting       | 4 |  4.6
Armour         | |  2.4
Dodging        | |  2.1

Action                   |  1- 3 |  4- 6 || total
-------------------------+-------+-------++-------
Melee: Mace              |   105 |     8 ||   113
       Headbutt          |    10 |     3 ||    13
  Eat: Chunk             |     2 |       ||     2
Armor: Animal skin       |    17 |       ||    17
Dodge: Dodged            |    65 |     1 ||    66
